 Dungeon Crawl Stone Soup version 0.23-a0-470-g6f7cfd9 (webtiles) character file.

101 mopl the Chopper (level 4, -16/35 HPs)
             Began as a Demonspawn Fighter on Nov 26, 2018.
             Demolished by an ogre
             ... wielding a +0 giant club
              (21 damage)
             ... on level 3 of the Dungeon.
             The game lasted 00:01:54 (1931 turns).

mopl the Chopper (Demonspawn Fighter)               Turns: 1931, Time: 00:01:55

Health: -16/35     AC:  6    Str: 18    XL:     4   Next: 48%
Magic:  4/4        EV:  7    Int:  9    God:
Gold:   62         SH:  8    Dex: 12    Spells: 3/3 levels left

rFire    . . .     SeeInvis .   a - +0 war axe
rCold    . . .     Gourm    .   c - +0 shield
rNeg     . . .     Faith    .   b - +0 scale mail
rPois    .         Spirit   .   (no helmet)
rElec    .         Reflect  .   (no cloak)
rCorr    .         Harm     .   (no gloves)
MR       .....                  (no boots)
Stlth    ..........             (no amulet)
HPRegen  0.11/turn              (no ring)
MPRegen  0.09/turn              (no ring)

@: no status effects
A: talons 1
a: no special abilities


You were on level 3 of the Dungeon.
You were very hungry.

You visited 1 branch of the dungeon, and saw 3 of its levels.

You collected 62 gold pieces.

Inventory:

Hand Weapons
 a - a +0 war axe (weapon)
 p - a +0 blowgun
Missiles
 g - 17 poisoned needles
Armour
 b - a +0 scale mail (worn)
 c - a +0 shield (worn)
Scrolls
 e - a scroll of remove curse {unknown}
 h - a scroll of teleportation {unknown}
 j - a scroll of immolation {unknown}
 n - 4 scrolls of identify {unknown}
Potions
 d - a potion of might
 i - a potion of flight {unknown}
 k - 2 potions of resistance {unknown}
 l - 2 potions of heal wounds {unknown}
 m - a potion of cancellation {unknown}
 o - a potion of brilliance {unknown}
Comestibles
 f - 4 rations


   Skills:
 - Level 3.0 Fighting
 + Level 4.3 Axes
 - Level 2.6 Armour
 - Level 2.6 Shields


You had 3 spell levels left.
You didn't know any spells.
Your spell library was empty.

Dungeon Overview and Level Annotations

Branches:
Dungeon (3/15)

Altars:
Dithmenos
Qazlal
Trog


Innate Abilities, Weirdness & Mutations

You have sharp toenails.


Message History

You slash the ogre!
The ogre hits you with a +0 giant club!!
Ouch! That really hurt!
* * * LOW HITPOINT WARNING * * *
You are too injured to fight recklessly!
You hit the ogre but do no damage. Your kick misses the ogre.
The ogre is moderately wounded.
You block the ogre's attack.
You hit the ogre.
The ogre is moderately wounded.
The ogre closely misses you.
You hit the ogre. You claw the ogre.
The ogre is heavily wounded.
You block the ogre's attack.
Okay, then.
You hit the ogre but do no damage.
The ogre is heavily wounded.
The ogre hits you with a +0 giant club!!
Ouch! That really hurt!
You die...

#....###
#..#.# #....#
##.#.## #.#..#
#.#..# ####
#....# .....
#...#..#....#.
###.##@†....._
# #.O....#.
.#....... #.
......# ##
.......
.......
.......
#.....#


You could see an ogre.

Vanquished Creatures
  Natasha (D:2)
  3 adders
  A worm (D:2)
  A dart slug (D:1)
  2 leopard geckos (D:1)
  A ball python (D:2)
  4 bats
  7 giant cockroaches
  3 goblins
  2 hobgoblins (D:1)
  4 frilled lizards
  9 kobolds
  6 rats
44 creatures vanquished.

Notes
Turn   | Place    | Note
-------+----------+-------------------------------------------
     0 | D:1      | mopl the Demonspawn Fighter began the quest for the Orb.
     0 | D:1      | Reached XP level 1. HP: 18/18 MP: 1/1
    32 | D:1      | Reached skill level 2 in Axes
    86 | D:1      | Gained mutation: You have sharp toenails. [demonic
                  | ancestry]
    86 | D:1      | Reached XP level 2. HP: 5/24 MP: 2/2
   392 | D:1      | Reached skill level 3 in Axes
   505 | D:1      | You fall through a shaft!
   534 | D:2      | Reached XP level 3. HP: 14/29 MP: 3/3
   735 | D:2      | Found a shadowy altar of Dithmenos.
  1663 | D:2      | Noticed Natasha
  1669 | D:2      | Killed Natasha
  1669 | D:2      | Reached skill level 4 in Axes
  1669 | D:2      | Reached XP level 4. HP: 30/35 MP: 4/4
  1836 | D:2      | Found a stormy altar of Qazlal.
  1920 | D:3      | Found a bloodstained altar of Trog.
  1920 | D:3      | Noticed an ogre
  1931 | D:3      | Demolished by an ogre

Vault maps used:
D:1:      minmay_arrival_up_and_down
D:2:      grunt_qazlal_sundering, nicolae_dithmenos_through_a_glass_darkly,
          minmay_worlds_worst_comb, uniq_natasha
D:3:      lemuel_crystal_altar, nrook_campfire, hex_tiny,
          nicolae_gozag_seed_capital

Skill      XL: |  1  2  3 |
---------------+----------+-----
Axes           | 2 3 4 |  4.3
Fighting       | |  3.0
Armour         | |  2.6
Shields        | |  2.6

Action                   |  1- 3 |  4- 6 || total
-------------------------+-------+-------++-------
Melee: War axe           |   118 |    17 ||   135
       Kick              |    19 |     3 ||    22
  Eat: Chunk             |     1 |     1 ||     2
Armor: Scale mail        |    64 |     4 ||    68
Dodge: Dodged            |    29 |    10 ||    39
Block: Shield            |    65 |    10 ||    75

Table legend:
 A = Non-vault XP
 B = Vault XP
 C = Vault XP percentage of total XP
 D = Non-vault monster count
 E = Vault monster count
 F = Vault count percentage of total count
                 A         B        C        D         E       F
            +---------+---------+-------+---------+---------+-------
      Total |     102 |      43 |  29.7 |      39 |       5 |  11.4
            +---------+---------+-------+---------+---------+-------
        D:1 |      43 |       0 |   0.0 |      25 |       0 |   0.0
        D:2 |      27 |      43 |  61.4 |       8 |       5 |  38.5
        D:3 |      32 |       0 |   0.0 |       6 |       0 |   0.0
            +---------+---------+-------+---------+---------+-------
